Map: Deathaura LE

Players

Scarlett - Winner!

  • Race: Zerg Zerg
  • Spawn Location: 11:00

Silky

  • Race: Zerg Zerg
  • Spawn Location: 5:00

Event: DreamHack SC2 Masters 2020 Summer North America

VOD

Have the link to the VOD?

Description

Time

  • Played on: July 1, 2020, 3:24 p.m.
  • Length: 11:10

All games in this series

Show
View Real Time Build Order
Export as new Build Order

Scarlett Zerg - Winner!

Build Orders: Hatch First, Muta Ling Bane 

Get SALT Encoding   

  12  0:00  Drone  
  13  0:12  Overlord  
  13  0:17  Drone  
  14  0:31  Drone x2  
  16  0:47  Hatchery  
  15  0:50  Drone  
  15  0:54  Drone  
  17  0:57  Drone  
  18  1:08  Extractor  
  17  1:12  Spawning Pool  
  17  1:15  Drone  
  17  1:19  Drone  
  18  1:28  Drone  
  19  1:39  Drone  
  20  1:49  Drone  
  21  1:59  Drone, Queen x2  
  21  2:00  Overlord  
  26  2:11  Drone  
  26  2:12  Drone  
  28  2:20  Drone  
  28  2:22  Drone  
  30  2:32  Drone  
  30  2:33  Drone  
  30  2:34  Queen  
  30  2:35  Lair  
  34  2:41  Drone  
  34  2:43  Overlord  
  35  2:47  Extractor  
  34  2:51  Evolution Chamber  
  34  2:56  Drone x2  
  35  3:04  Drone  
  36  3:07  Drone x7  
  43  3:15  Extractor  
  43  3:18  Zerg Melee Weapons Level 1, Extractor  
  41  3:21  Drone, Overlord  
  42  3:28  Drone  
  43  3:35  Roach Warren  
  43  3:38  Spire  
  43  3:39  Drone x2  
  43  3:41  Drone  
  43  3:43  Drone  
  43  3:45  Drone  
  43  3:48  Drone  
  47  3:50  Drone  
  47  3:54  Drone  
  47  3:55  Drone  
  50  3:56  Drone  
  50  3:59  Metabolic Boost  
  51  4:08  Overlord  
  51  4:11  Overlord  
  51  4:15  Zergling x2  
  52  4:18  Overseer  
  52  4:28  Zergling x14  
  59  4:39  Hatchery  
  59  4:44  Zergling x2  
  59  4:45  Zergling x8  
  63  4:48  Overlord  
  63  4:52  Mutalisk x2  
  63  4:57  Overlord  
  63  4:59  Zerg Flyer Weapons Level 1  
  67  5:00  Spine Crawler  
  67  5:03  Overlord  
  67  5:05  Mutalisk  
  68  5:08  Mutalisk  
  68  5:13  Mutalisk  
  71  5:16  Zerg Melee Weapons Level 2  
  71  5:17  Mutalisk  
  75  5:25  Hatchery, Mutalisk  
  75  5:27  Drone  
  77  5:37  Mutalisk  
  77  5:43  Mutalisk  
  77  5:44  Zergling x2  
  77  5:45  Zergling x6  
  82  5:57  Mutalisk  
  82  5:58  Overlord x2  
  84  6:05  Mutalisk  
  84  6:06  Zergling x8  
  90  6:18  Drone  
  91  6:19  Drone, Baneling Nest  
  91  6:24  Drone  
  92  6:31  Drone x5  
  97  6:39  Drone x4  
  101  6:45  Drone  
  102  6:47  Drone  
  102  6:50  Drone  
  104  6:57  Hatchery  
  104  7:01  Mutalisk x6  
  105  7:13  Zergling x12  
  107  7:17  Extractor  
  107  7:18  Extractor  
  107  7:21  Zergling x2  
  103  7:25  Queen  
  103  7:26  Zerg Flyer Weapons Level 2  
  103  7:29  Zergling x4  
  102  7:33  Pneumatized Carapace  
  102  7:35  Overseer  
  102  7:40  Overseer  
  102  7:42  Drone x9  
  111  7:50  Mutalisk  
  111  7:51  Overlord x3  
  111  7:58  Zergling x2  
  113  8:00  Overlord  
  113  8:07  Overlord  
  113  8:11  Drone x3, Spine Crawler  
  114  8:13  Spine Crawler  
  114  8:14  Spine Crawler  
  114  8:18  Zerg Ground Armor Level 1  
  112  8:21  Mutalisk x3  
  112  8:23  Overseer  
  112  8:25  Zergling x14  
  125  8:29  Drone  
  125  8:33  Mutalisk x2  
  125  8:34  Hatchery  
  122  8:36  Drone x4  
  122  8:40  Zergling x6  
  130  8:41  Drone  
  130  8:43  Infestation Pit  
  129  8:54  Zergling x10  
  134  8:56  Centrifical Hooks  
  134  9:01  Unknown  
  134  9:02  Drone  
  134  9:03  Unknown  
  133  9:13  Zergling x2  
  133  9:14  Zergling x18  
  143  9:22  Baneling x6  
  143  9:30  Hatchery  
  140  9:32  Zergling x14  
  135  10:01  Zergling x24  
  144  10:10  Mutalisk x7  
  147  10:16  Overlord x2  
  147  10:19  Drone  
  147  10:21  Baneling x9  
  148  10:26  Drone x4  
  152  10:32  Baneling x9  
  152  10:34  Baneling x4  
  152  10:36  Baneling  
  152  10:37  Baneling x3  
  152  10:41  Baneling x5  
  148  10:53  Zergling x10  
Show
View Real Time Build Order
Export as new Build Order

Silky Zerg 

Build Orders: Hatch First 

Get SALT Encoding   

  12  0:00  Drone  
  13  0:12  Overlord  
  13  0:17  Drone  
  14  0:30  Drone x2  
  16  0:47  Hatchery  
  15  0:50  Drone  
  15  0:54  Drone  
  17  0:58  Drone  
  18  1:08  Extractor  
  17  1:13  Spawning Pool  
  17  1:16  Drone  
  17  1:20  Drone  
  18  1:28  Drone  
  19  1:39  Drone  
  20  1:49  Drone  
  21  1:58  Drone  
  21  2:00  Overlord, Queen x2  
  26  2:09  Metabolic Boost  
  26  2:10  Drone  
  26  2:11  Drone  
  28  2:21  Drone  
  29  2:24  Drone  
  30  2:32  Hatchery  
  30  2:35  Drone x2  
  31  2:46  Evolution Chamber  
  31  2:47  Overlord  
  31  2:48  Drone  
  31  2:54  Zergling x2  
  31  2:55  Drone  
  33  3:04  Drone  
  34  3:09  Queen  
  34  3:10  Drone x3  
  34  3:11  Zerg Missile Weapons Level 1  
  39  3:13  Zergling x2  
  39  3:16  Drone  
  39  3:19  Overlord  
  41  3:21  Drone  
  42  3:28  Drone  
  42  3:29  Drone  
  44  3:34  Roach Warren  
  44  3:38  Drone x3  
  46  3:43  Overlord  
  46  3:45  Queen  
  46  3:48  Drone  
  49  3:52  Lair  
  48  4:03  Zergling x12  
  48  4:04  Zergling x2  
  48  4:09  Extractor  
  54  4:10  Extractor  
  54  4:11  Drone x4  
  54  4:12  Zergling x2  
  54  4:15  Zergling x4  
  60  4:23  Overlord  
  60  4:27  Drone x3  
  60  4:28  Overlord  
  62  4:41  Drone x2  
  62  4:42  Roach x2  
  62  4:45  Roach x2  
  72  4:46  Overlord x2  
  72  4:52  Roach x3  
  78  4:54  Glial Reconstitution  
  78  4:59  Overseer, Overlord  
  78  5:02  Overlord  
  78  5:07  Queen  
  78  5:14  Overlord, Queen  
  79  5:18  Drone x2  
  79  5:20  Infestation Pit  
  82  5:24  Roach x2  
  82  5:28  Roach x2  
  89  5:32  Spore Crawler  
  89  5:33  Spore Crawler  
  87  5:40  Roach x2, Spore Crawler  
  87  5:41  Roach  
  89  5:44  Spore Crawler  
  89  5:46  Queen  
  90  5:50  Drone x2  
  90  5:54  Zerg Missile Weapons Level 2  
  88  5:57  Drone x2  
  88  6:01  Extractor  
  88  6:02  Spore Crawler  
  87  6:04  Drone x2  
  87  6:08  Drone x2  
  91  6:17  Extractor, Pathogen Glands  
  91  6:18  Drone x3, Extractor  
  91  6:23  Drone x2  
  91  6:24  Drone x2  
  96  6:30  Drone x2  
  96  6:31  Overlord  
  98  6:34  Overlord  
  98  6:41  Tunneling Claws  
  98  6:42  Burrow  
  98  6:43  Overlord  
  98  6:48  Overlord  
  98  6:49  Spore Crawler, Overlord  
  98  6:51  Drone  
  91  7:03  Queen x2  
  79  7:17  Infestor x3  
  79  7:21  Drone x4  
  79  7:22  Drone  
  86  7:26  Drone x2  
  88  7:33  Infestor, Extractor  
  88  7:34  Extractor  
  88  7:36  Drone x3  
  91  7:40  Drone x2  
  93  7:44  Roach x10  
  93  7:48  Overlord  
  93  7:49  Infestor x5  
  93  7:50  Roach x4  
  93  7:57  Queen  
  91  7:59  Overlord  
  91  8:00  Hydralisk Den  
  86  8:10  Roach x6  
  86  8:11  Drone x16  
  94  8:16  Roach  
  94  8:17  Roach  
  89  8:20  Queen x2  
  85  8:33  Drone  
  85  8:34  Drone x6  
  91  8:41  Roach x3  
  91  8:45  Drone  
  91  8:46  Drone x3  
  93  8:52  Hydralisk x3  
  93  8:54  Hydralisk  
  101  9:02  Hydralisk x2  
  105  9:04  Roach x8  
  105  9:05  Hydralisk  
  105  9:07  Hydralisk  
  105  9:10  Grooved Spines  
  105  9:13  Hydralisk  
  105  9:17  Hydralisk  
  105  9:20  Hydralisk  
  105  9:40  Drone x10, Hydralisk x6  
  105  9:41  Infestor x5  
  110  9:54  Hydralisk x2  
  111  10:18  Hydralisk x2  
  111  10:20  Hatchery  
  114  10:24  Hydralisk  
  116  10:33  Overlord x3  
  116  10:37  Spore Crawler  
Tags
 
Add a new tag
Caveats
  • Supply blocks, unpowered buildings, or Contaminate may cause inaccurate times.
  • Supply counts are checked every 10 seconds.